General information
			
			
        
        - name: BNet
 
        - type: Ladder team game (AT/RT)
 
        - host: Battle.net
 
        - saver: HoneyBlunt
 
        
map: Cherryville 
        - players: 8
 
        - length: 23:16
 
        - speed: Fast
 - version: 1.22 W3XP
 - replay type:  Public
 
» download(203 KB)
Players
        team 1 (loser) 
              
              
» 
BUTTSEX (
orange | 102 APM | 2364 actions | 23:05)
              
 5 Archmage 
 3 Summon Water Elemental
 2 Brilliance Aura
 3 Mountain King 
 2 Storm Bolt
 1 Bash
 
                » actions 
                
                | Assign group hotkey | 120 |  | 
| Basic commands | 60 |  | 
| Build / train | 137 |  | 
| ESC pressed | 2 |  | 
| Enter build submenu | 45 |  | 
| Enter hero's abilities submenu | 10 |  | 
| Give item / drop item | 1 |  | 
| Remove unit from queue | 1 |  | 
| Right click | 910 |  | 
| Select / deselect | 416 |  | 
| Select group hotkey | 527 |  | 
| Use ability | 135 |  | 
                2364 total
 » units 
                
                | Peasant | 23 |  | 
| Footman | 10 |  | 
| Gryphon Rider | 10 |  | 
| Goblin Sapper | 4 |  | 
| Dragonhawk Rider | 2 |  | 
                49 total
 » upgrades
                
                | Defend | 1 |  | 
| Lumber Harvesting | 2 |  | 
| Masonry | 3 |  | 
| Storm Hammers | 1 |  | 
| Swords | 2 |  | 
| Armor | 1 |  | 
                10 total
 » buildings
                
                | Barracks | 1 |  | 
| Altar of Kings | 1 |  | 
| Farm | 10 |  | 
| Scout Tower | 18 |  | 
| Arcane Tower | 1 |  | 
| Keep | 1 |  | 
| Lumber Mill | 1 |  | 
| Guard Tower | 26 |  | 
| Town Hall | 3 |  | 
| Arcane Vault | 1 |  | 
| Castle | 2 |  | 
| Blacksmith | 2 |  | 
| Gryphon Aviary | 2 |  | 
                69 total
 » build order
                00:20 Barracks
00:24 Altar of Kings
00:34 Farm
00:49 Farm
01:35 Scout Tower
01:47 Farm
02:02 Arcane Tower
03:35 Keep
03:52 Farm
03:56 Lumber Mill
05:22 Scout Tower
05:22 Scout Tower
05:39 Guard Tower
05:42 Scout Tower
05:49 Guard Tower
05:53 Town Hall
05:57 Scout Tower
05:59 Guard Tower
06:41 Guard Tower
06:53 Arcane Vault
07:33 Scout Tower
08:13 Castle
08:25 Blacksmith
08:49 Scout Tower
08:50 Scout Tower
09:00 Scout Tower
09:06 Guard Tower
09:06 Guard Tower
09:26 Guard Tower
09:26 Guard Tower
09:32 Gryphon Aviary
09:34 Guard Tower
09:34 Guard Tower
10:37 Scout Tower
11:12 Guard Tower
11:13 Scout Tower
11:39 Guard Tower
11:47 Guard Tower
11:50 Gryphon Aviary
12:15 Scout Tower
13:00 Guard Tower
13:00 Guard Tower
13:03 Guard Tower
13:07 Farm
13:09 Farm
13:16 Blacksmith
13:54 Scout Tower
14:00 Farm
14:01 Farm
14:22 Guard Tower
14:23 Guard Tower
14:23 Scout Tower
14:41 Guard Tower
14:49 Farm
14:53 Guard Tower
14:58 Scout Tower
14:59 Scout Tower
15:08 Town Hall
16:28 Farm
20:03 Town Hall
22:19 Scout Tower
22:21 Scout Tower
22:50 Guard Tower
» items
                
                | Scroll of Regeneration | 4 |  | 
| Lesser Clarity Potion | 4 |  | 
| Orb of Fire | 2 |  | 
| Potion of Healing | 4 |  | 
| Ivory Tower | 8 |  | 
| Scroll of Town Portal | 2 |  | 
| Scroll of Healing | 1 |  | 
                25 total
  
               
              
              
DamThatRiver (
red | 65 APM | 1506 actions | 23:09)
              
 3 Tauren Chieftain 
 1 Endurance Aura
 2 Shockwave
 2 Pandaren Brewmaster 
 1 Breath of Fire
 1 Drunken Haze
 
                » actions 
                
                | Assign group hotkey | 37 |  | 
| Basic commands | 20 |  | 
| Build / train | 49 |  | 
| Enter build submenu | 19 |  | 
| Enter hero's abilities submenu | 5 |  | 
| Give item / drop item | 4 |  | 
| Remove unit from queue | 1 |  | 
| Right click | 450 |  | 
| Select / deselect | 245 |  | 
| Select group hotkey | 612 |  | 
| Use ability | 64 |  | 
                1506 total
 » units 
                
                | Peon | 7 |  | 
| Grunt | 5 |  | 
| Raider | 5 |  | 
| Wind Rider | 2 |  | 
| Troll Batrider | 2 |  | 
                21 total
 » upgrades
                
                | Pillage | 1 |  | 
| Ensnare | 1 |  | 
| Berserker Strength | 1 |  | 
| Melee Weapons | 1 |  | 
| Reinforced Defenses | 1 |  | 
                5 total
 » buildings
                
                | Altar of Storms | 1 |  | 
| Orc Burrow | 7 |  | 
| Barracks | 1 |  | 
| Voodoo Lounge | 1 |  | 
| Stronghold | 4 |  | 
| War Mill | 1 |  | 
| Beastiary | 3 |  | 
| Fortress | 1 |  | 
| Watch Tower | 4 |  | 
                23 total
 » build order
                00:05 Altar of Storms
00:22 Orc Burrow
00:38 Barracks
01:35 Orc Burrow
02:44 Voodoo Lounge
03:13 Stronghold
03:13 Stronghold
03:13 Stronghold
03:46 Orc Burrow
04:37 Orc Burrow
05:23 War Mill
05:43 Beastiary
05:48 Beastiary
05:53 Beastiary
10:10 Fortress
10:13 Orc Burrow
10:14 Orc Burrow
10:15 Orc Burrow
12:30 Watch Tower
12:32 Watch Tower
12:44 Watch Tower
13:03 Watch Tower
» items
                
                | Healing Salve | 3 |  | 
| Potion of Healing | 1 |  | 
| Scroll of Speed | 1 |  | 
| Scroll of Town Portal | 1 |  | 
                6 total
  
               
              
              
SMERB.COM.COM (
pink | 88 APM | 2038 actions | 23:07)
              
 4 Death Knight 
 2 Death Coil
 2 Unholy Aura
 3 Pandaren Brewmaster 
 2 Breath of Fire
 1 Drunken Haze
 1 Dreadlord 
 1 Sleep
 
                » actions 
                
                | Assign group hotkey | 23 |  | 
| Basic commands | 71 |  | 
| Build / train | 82 |  | 
| ESC pressed | 1 |  | 
| Enter build submenu | 31 |  | 
| Enter hero's abilities submenu | 8 |  | 
| Give item / drop item | 3 |  | 
| Right click | 984 |  | 
| Select / deselect | 271 |  | 
| Select group hotkey | 462 |  | 
| Use ability | 102 |  | 
                2038 total
 » units 
                
                | Acolyte | 8 |  | 
| Ghoul | 6 |  | 
| Crypt Fiend | 5 |  | 
| Frost Wyrm | 6 |  | 
                25 total
 » upgrades
                » buildings
                
                | Crypt | 1 |  | 
| Graveyard | 2 |  | 
| Altar of Darkness | 2 |  | 
| Ziggurat | 12 |  | 
| Tomb of Relics | 3 |  | 
| Nerubian Tower | 2 |  | 
| Halls of the Dead | 6 |  | 
| Necropolis | 1 |  | 
| Spirit Tower | 11 |  | 
| Sacrificial Pit | 2 |  | 
| Black Citadel | 4 |  | 
| Boneyard | 2 |  | 
                48 total
 » build order
                00:07 Crypt
00:18 Graveyard
00:42 Altar of Darkness
00:47 Ziggurat
01:18 Ziggurat
01:29 Tomb of Relics
02:30 Nerubian Tower
04:26 Ziggurat
04:50 Ziggurat
05:05 Halls of the Dead
05:05 Halls of the Dead
05:06 Halls of the Dead
05:33 Necropolis
06:04 Ziggurat
06:21 Spirit Tower
06:23 Ziggurat
06:47 Ziggurat
06:52 Spirit Tower
07:04 Spirit Tower
07:23 Spirit Tower
07:31 Sacrificial Pit
07:48 Black Citadel
07:48 Black Citadel
08:26 Ziggurat
09:24 Spirit Tower
09:24 Spirit Tower
09:52 Spirit Tower
09:53 Spirit Tower
10:08 Tomb of Relics
10:30 Boneyard
10:42 Boneyard
14:21 Tomb of Relics
16:43 Spirit Tower
16:45 Ziggurat
16:46 Ziggurat
18:52 Halls of the Dead
21:18 Sacrificial Pit
21:29 Altar of Darkness
22:47 Black Citadel
22:47 Black Citadel
22:49 Graveyard
22:51 Ziggurat
» items
                
                | Rod of Necromancy | 2 |  | 
| Sacrificial Skull | 1 |  | 
| Scroll of Town Portal | 3 |  | 
| Staff of Teleportation | 1 |  | 
| Scroll of Healing | 1 |  | 
| Scroll of Protection | 1 |  | 
| Potion of Lesser Invulnerability | 1 |  | 
| Potion of Mana | 1 |  | 
                11 total
  
               
              
              
Ze.Rath3isaFaig (
blue | 60 APM | 1370 actions | 22:56)
              
 4 Keeper of the Grove 
 2 Entangling Roots
 2 Thorns Aura
 1 Dreadlord 
 1 Vampiric Aura
 
                » actions 
                
                | Assign group hotkey | 14 |  | 
| Basic commands | 288 |  | 
| Build / train | 47 |  | 
| Enter build submenu | 17 |  | 
| Enter hero's abilities submenu | 6 |  | 
| Right click | 388 |  | 
| Select / deselect | 399 |  | 
| Select group hotkey | 142 |  | 
| Use ability | 69 |  | 
                1370 total
 » units 
                
                | Wisp | 13 |  | 
| Huntress | 12 |  | 
| Dryad | 2 |  | 
| Mountain Giant | 1 |  | 
                28 total
 » upgrades
                
                | Moon Armor | 1 |  | 
| Strength of the Moon | 1 |  | 
                2 total
 » buildings
                
                | Moon Well | 7 |  | 
| Altar of Elders | 1 |  | 
| Ancient of War | 2 |  | 
| Hunter's Hall | 1 |  | 
| Tree of Ages | 2 |  | 
| Ancient of Wonders | 2 |  | 
| Ancient of Lore | 2 |  | 
                17 total
 » build order
                00:13 Moon Well
00:33 Altar of Elders
00:58 Ancient of War
02:18 Hunter's Hall
02:20 Ancient of War
03:07 Moon Well
03:13 Moon Well
05:55 Moon Well
06:21 Tree of Ages
07:24 Ancient of Wonders
07:27 Ancient of Wonders
08:43 Ancient of Lore
10:13 Ancient of Lore
11:05 Moon Well
11:07 Moon Well
11:23 Moon Well
» items
                
                | Scroll of Town Portal | 2 |  | 
| Potion of Healing | 2 |  | 
| Moonstone | 1 |  | 
| Scroll of Regeneration | 1 |  | 
| Scroll of Healing | 1 |  | 
                7 total
  
               team 2 (winner) 
              
              
HoneyBlunt (
purple | 82 APM | 1912 actions | 23:16)
              
 5 Keeper of the Grove 
 3 Entangling Roots
 1 Force of Nature
 1 Thorns Aura
 4 Priestess of the Moon 
 2 Trueshot Aura
 2 Searing Arrows
 
                » actions 
                
                | Assign group hotkey | 24 |  | 
| Basic commands | 83 |  | 
| Build / train | 93 |  | 
| Enter build submenu | 25 |  | 
| Enter hero's abilities submenu | 10 |  | 
| Give item / drop item | 1 |  | 
| Remove unit from queue | 3 |  | 
| Right click | 964 |  | 
| Select / deselect | 264 |  | 
| Select group hotkey | 381 |  | 
| Use ability | 64 |  | 
                1912 total
 » units 
                
                | Wisp | 40 |  | 
| Huntress | 9 |  | 
| Druid of the Talon | 14 |  | 
| Faerie Dragon | 1 |  | 
| Archer | 3 |  | 
                67 total
 » upgrades
                
                | Druid of the Talon Training | 2 |  | 
| Strength of the Wild | 3 |  | 
| Ultravision | 1 |  | 
| Nature's Blessing | 1 |  | 
| Mark of the Talon | 1 |  | 
| Reinforced Hides | 1 |  | 
                9 total
 » buildings
                
                | Altar of Elders | 1 |  | 
| Moon Well | 7 |  | 
| Ancient of War | 1 |  | 
| Hunter's Hall | 1 |  | 
| Ancient of Wonders | 2 |  | 
| Ancient Protector | 4 |  | 
| Tree of Ages | 1 |  | 
| Tree of Life | 4 |  | 
| Ancient of Wind | 1 |  | 
| Tree of Eternity | 1 |  | 
| Chimaera Roost | 1 |  | 
                24 total
 » build order
                00:11 Altar of Elders
00:13 Moon Well
00:46 Moon Well
01:29 Ancient of War
01:36 Hunter's Hall
02:20 Moon Well
02:41 Ancient of Wonders
02:50 Ancient of Wonders
03:20 Ancient Protector
05:05 Tree of Ages
05:14 Tree of Life
05:34 Moon Well
07:36 Ancient of Wind
08:23 Moon Well
08:25 Moon Well
11:00 Tree of Life
11:03 Ancient Protector
11:11 Tree of Eternity
12:47 Moon Well
14:33 Chimaera Roost
15:04 Ancient Protector
16:16 Tree of Life
19:08 Tree of Life
19:10 Ancient Protector
 
               
              
              
ImMuLaTe (
yellow | 62 APM | 1429 actions | 23:10)
              
 5 Death Knight 
 3 Death Coil
 2 Unholy Aura
 4 Lich 
 2 Frost Nova
 2 Frost Armor
 
                » actions 
                
                | Assign group hotkey | 30 |  | 
| Basic commands | 13 |  | 
| Build / train | 52 |  | 
| Enter build submenu | 18 |  | 
| Enter hero's abilities submenu | 9 |  | 
| Give item / drop item | 1 |  | 
| Right click | 644 |  | 
| Select / deselect | 161 |  | 
| Select group hotkey | 445 |  | 
| Use ability | 56 |  | 
                1429 total
 » units 
                
                | Acolyte | 4 |  | 
| Ghoul | 3 |  | 
| Crypt Fiend | 11 |  | 
| Frost Wyrm | 7 |  | 
                25 total
 » upgrades
                
                | Web | 1 |  | 
| Creature Attack | 1 |  | 
| Freezing Breath | 1 |  | 
                3 total
 » buildings
                
                | Crypt | 1 |  | 
| Altar of Darkness | 1 |  | 
| Ziggurat | 8 |  | 
| Graveyard | 1 |  | 
| Nerubian Tower | 1 |  | 
| Tomb of Relics | 1 |  | 
| Halls of the Dead | 1 |  | 
| Spirit Tower | 1 |  | 
| Black Citadel | 1 |  | 
| Sacrificial Pit | 1 |  | 
| Boneyard | 2 |  | 
                19 total
 » build order
                00:15 Crypt
00:20 Altar of Darkness
00:35 Ziggurat
00:58 Graveyard
01:39 Nerubian Tower
01:47 Tomb of Relics
02:05 Ziggurat
03:56 Halls of the Dead
05:12 Ziggurat
06:14 Spirit Tower
06:54 Black Citadel
07:46 Ziggurat
07:51 Sacrificial Pit
07:54 Ziggurat
09:23 Boneyard
09:32 Ziggurat
19:00 Boneyard
19:09 Ziggurat
20:18 Ziggurat
» items
                
                | Rod of Necromancy | 1 |  | 
| Potion of Lesser Invulnerability | 2 |  | 
| Scroll of Protection | 2 |  | 
| Scroll of Town Portal | 2 |  | 
| Potion of Healing | 1 |  | 
| Orb of Corruption | 1 |  | 
                9 total
  
               
              
              
LastApache (
green | 65 APM | 1506 actions | 23:10)
              
 5 Far Seer 
 2 Feral Spirit
 3 Chain Lighting
 
                » actions 
                
                | Assign group hotkey | 43 |  | 
| Basic commands | 61 |  | 
| Build / train | 41 |  | 
| Enter build submenu | 14 |  | 
| Enter hero's abilities submenu | 5 |  | 
| Right click | 642 |  | 
| Select / deselect | 201 |  | 
| Select group hotkey | 432 |  | 
| Use ability | 67 |  | 
                1506 total
 » units 
                
                | Peon | 7 |  | 
| Grunt | 6 |  | 
| Troll Witch Doctor | 6 |  | 
| Demolisher | 1 |  | 
| Tauren | 3 |  | 
                23 total
 » upgrades
                
                | Berserker Strength | 1 |  | 
| Witch Doctor Training | 2 |  | 
| Burning Oil | 1 |  | 
| Armor | 1 |  | 
| Pulverize | 1 |  | 
                6 total
 » buildings
                
                | Altar of Storms | 1 |  | 
| Orc Burrow | 7 |  | 
| Barracks | 1 |  | 
| Stronghold | 1 |  | 
| Voodoo Lounge | 1 |  | 
| Fortress | 1 |  | 
| War Mill | 1 |  | 
| Spirit Lodge | 2 |  | 
| Tauren Totem | 1 |  | 
                16 total
 » build order
                00:10 Altar of Storms
00:21 Orc Burrow
00:52 Barracks
01:44 Orc Burrow
02:25 Orc Burrow
03:36 Stronghold
05:01 Orc Burrow
05:11 Voodoo Lounge
07:00 Fortress
07:05 War Mill
07:44 Orc Burrow
08:15 Spirit Lodge
08:23 Spirit Lodge
09:26 Tauren Totem
12:12 Orc Burrow
13:10 Orc Burrow
» items
                
                | Healing Salve | 2 |  | 
| Scroll of Speed | 2 |  | 
                4 total
  
               
              
              
» 
Sexy-MeatWagon (
teal | 73 APM | 1685 actions | 23:10)
              
 6 Tauren Chieftain 
 2 War Stomp
 3 Endurance Aura
 1 Reincarnation
 4 Shadow Hunter 
 2 Hex
 2 Healing Wave
 
                » actions 
                
                | Assign group hotkey | 31 |  | 
| Basic commands | 43 |  | 
| Build / train | 81 |  | 
| ESC pressed | 1 |  | 
| Enter build submenu | 19 |  | 
| Enter hero's abilities submenu | 10 |  | 
| Give item / drop item | 1 |  | 
| Remove unit from queue | 1 |  | 
| Right click | 643 |  | 
| Select / deselect | 412 |  | 
| Select group hotkey | 367 |  | 
| Use ability | 76 |  | 
                1685 total
 » units 
                
                | Peon | 7 |  | 
| Grunt | 1 |  | 
| Troll Headhunter/Berserker | 19 |  | 
| Demolisher | 1 |  | 
| Shaman | 9 |  | 
| Troll Batrider | 8 |  | 
                45 total
 » upgrades
                
                | Ranged Weapons | 3 |  | 
| Armor | 2 |  | 
| Troll Regeneration | 1 |  | 
| Berserker Upgrade | 1 |  | 
| Shaman Training | 2 |  | 
| Reinforced Defenses | 1 |  | 
                10 total
 » buildings
                
                | Altar of Storms | 1 |  | 
| Orc Burrow | 7 |  | 
| Barracks | 2 |  | 
| War Mill | 1 |  | 
| Voodoo Lounge | 1 |  | 
| Stronghold | 1 |  | 
| Fortress | 1 |  | 
| Spirit Lodge | 1 |  | 
| Great Hall | 1 |  | 
| Beastiary | 1 |  | 
| Watch Tower | 3 |  | 
                20 total
 » build order
                00:06 Altar of Storms
00:09 Orc Burrow
00:24 Barracks
01:28 War Mill
02:00 Barracks
02:20 Orc Burrow
02:40 Voodoo Lounge
04:21 Orc Burrow
05:09 Stronghold
06:00 Orc Burrow
08:03 Fortress
08:08 Spirit Lodge
09:25 Great Hall
11:12 Orc Burrow
13:59 Orc Burrow
15:37 Beastiary
16:46 Orc Burrow
18:10 Watch Tower
19:16 Watch Tower
19:39 Watch Tower
» items
                
                | Healing Salve | 4 |  | 
| Potion of Healing | 2 |  | 
| Scroll of Town Portal | 1 |  | 
| Scroll of Speed | 1 |  | 
| Orb of Lightning | 1 |  | 
| Potion of Mana | 1 |  | 
                10 total
  
                Chat log
          (00:04 / Allies) HoneyBlunt: all here?
(00:13 / Allies) LastApache: yeah
(00:16 / Allies) Sexy-MeatWagon: hh
(00:17 / Allies) Sexy-MeatWagon: tc
(00:24 / All) HoneyBlunt: gl hf 
(00:31 / Allies) Sexy-MeatWagon: they feed
(00:32 / Allies) Sexy-MeatWagon: dont they
(00:34 / All) HoneyBlunt: this is going to be a boring game im sure
(00:35 / Allies) Sexy-MeatWagon: ?
(00:39 / All) BUTTSEX: got 99 problems and a bitch aint 1
(00:40 / Allies) LastApache: find feeder and kill
(00:47 / All) DamThatRiver: cause your gay
(00:52 / Allies) Sexy-MeatWagon: easier said then done
(00:53 / All) BUTTSEX: buttsex
(00:58 / All) LastApache: me no english..name u?
(01:04 / All) LastApache: name?
(01:04 / All) DamThatRiver: hi from?
(01:07 / All) SMERB.COM.COM: HI FROM?
(01:07 / All) DamThatRiver: me rus
(01:08 / All) DamThatRiver: XD
(01:09 / All) SMERB.COM.COM: ME BR
(01:11 / All) SMERB.COM.COM: EAUHAEUUHAHSDRHUAHUAShURA
(01:15 / All) BUTTSEX: aheuaehauehaue
(01:27 / Allies) LastApache: send grunts to u blunt
(01:39 / Allies) LastApache: i mean to immulate
(01:51 / All) DamThatRiver: i hope someone uploads this replay because my apms really high
(01:55 / All) SMERB.COM.COM: !
(01:56 / All) SMERB.COM.COM: !
(02:17 / Allies) LastApache: i send grunts to u immulate
(02:22 / Allies) ImMuLaTe: ok
(02:23 / Allies) ImMuLaTe: share
(04:05 / Allies) HoneyBlunt: yes
(04:12 / Allies) HoneyBlunt: fu then 
(04:12 / Allies) HoneyBlunt: im not
(04:46 / All) LastApache: ahhaha
(04:52 / All) LastApache: item stoler is my name
(04:57 / All) DamThatRiver: TRY GETTING A RESERVATION AT DORSIA NOW
(05:04 / All) DamThatRiver: YOU STUPID BASTARD
(05:06 / All) LastApache: i addict too dope
(05:11 / All) DamThatRiver: YOU STUPID FUCKING BVASTARD
(05:15 / All) LastApache: woot akkaka
(05:31 / Allies) Sexy-MeatWagon: IMMULATE
(05:32 / Allies) Sexy-MeatWagon: SHARE
(05:35 / Allies) Sexy-MeatWagon: GOD DAMNIT
(05:46 / Allies) Sexy-MeatWagon: lols
(05:50 / Allies) LastApache: i control my troop
(06:19 / Allies) HoneyBlunt: who getting what 
(06:24 / Allies) HoneyBlunt: this feels like baed rt
(06:31 / Allies) Sexy-MeatWagon: zerk sham
(06:34 / Allies) Sexy-MeatWagon: destro
(06:39 / Allies) Sexy-MeatWagon: apache
(06:41 / Allies) Sexy-MeatWagon: go straight up
(06:42 / Allies) LastApache: they fast expo\
(06:43 / Allies) Sexy-MeatWagon: tauren and doc
(06:45 / Allies) Sexy-MeatWagon: no destro
(06:49 / Allies) LastApache: i get tauren and doc
(06:54 / Allies) HoneyBlunt: need aaa
(06:58 / Allies) Sexy-MeatWagon: IM ZERK
(07:04 / Allies) Sexy-MeatWagon: AND WE GOTS UD
(07:23 / Allies) LastApache: yellow
(07:25 / Allies) LastApache: come this way
(07:27 / Allies) LastApache: where u going
(07:27 / Allies) LastApache: 2s
(08:19 / Allies) HoneyBlunt: heal
(08:24 / Allies) Sexy-MeatWagon: killed all my shit
(08:58 / Allies) Sexy-MeatWagon: have to check
(09:03 / Allies) Sexy-MeatWagon: expand
(09:09 / Allies) LastApache: back
(09:17 / Allies) LastApache: back
(09:21 / Allies) HoneyBlunt: come mp
(09:47 / Allies) LastApache: expo
(09:51 / Allies) Sexy-MeatWagon: i back
(09:53 / Allies) Sexy-MeatWagon: ill come
(09:55 / Allies) LastApache: heal then hit 
(09:58 / Allies) LastApache: heal tne hit
(10:14 / Allies) HoneyBlunt: no save
(10:20 / Allies) HoneyBlunt: kk
(10:22 / Allies) LastApache: yellow
(10:27 / Allies) LastApache: 11111\
(10:32 / Allies) Sexy-MeatWagon: kotg
(10:32 / Allies) Sexy-MeatWagon: kotg
(10:35 / All) Ze.Rath3isaFaig: TC
(10:40 / Allies) LastApache: go there with me yellow
(11:20 / Allies) Sexy-MeatWagon: of course
(11:22 / Allies) Sexy-MeatWagon: he knew
(11:27 / Allies) HoneyBlunt: its a split
(11:44 / Allies) Sexy-MeatWagon: lotre
(12:38 / Allies) HoneyBlunt: DO THAT 
(12:47 / Allies) LastApache: tp
(14:20 / Allies) Sexy-MeatWagon: STOP
(14:23 / Allies) Sexy-MeatWagon: JUST SAY SOMETHING
(14:24 / Allies) LastApache: red base
(14:52 / Allies) Sexy-MeatWagon: yellow
(14:52 / Allies) Sexy-MeatWagon: come
(14:53 / Allies) Sexy-MeatWagon: wtf
(15:44 / Allies) ImMuLaTe: i cant find my dman frost
(15:45 / Allies) HoneyBlunt: keep expanndinfg
(15:52 / Allies) HoneyBlunt: main
(15:53 / Allies) HoneyBlunt: main
(15:53 / Allies) HoneyBlunt: main
(15:56 / Allies) Sexy-MeatWagon: give me wood
(16:03 / Allies) Sexy-MeatWagon: ty
(16:11 / Allies) LastApache: dont tp
(16:12 / Allies) LastApache: dont tp
(16:13 / Allies) LastApache: dont tp
(17:01 / Allies) Sexy-MeatWagon: micro wyrm
(18:24 / Allies) HoneyBlunt: dk
(19:12 / Allies) Sexy-MeatWagon: gold
(19:13 / Allies) Sexy-MeatWagon: blunt
(19:37 / Allies) LastApache: very nice
(19:52 / Allies) Sexy-MeatWagon: get
(19:53 / Allies) Sexy-MeatWagon: wyrm
(20:28 / Allies) Sexy-MeatWagon: check
(20:40 / Allies) Sexy-MeatWagon: have to regorup
(20:44 / Allies) LastApache: yeah
(20:51 / Allies) HoneyBlunt: scout aklk opl
(21:11 / Allies) LastApache: take out midle
(21:44 / Allies) Sexy-MeatWagon: expo?
(21:46 / Allies) HoneyBlunt: yeas
(21:51 / Allies) LastApache: sorry
(21:52 / Allies) LastApache: mid
(21:53 / Allies) LastApache: orange
(21:53 / Allies) LastApache: go
(22:05 / Allies) LastApache: easier
(22:15 / Allies) Sexy-MeatWagon: stop
(22:16 / Allies) Sexy-MeatWagon: pinging
(22:38 / Allies) Sexy-MeatWagon: wards
(22:39 / Allies) Sexy-MeatWagon: please
(22:43 / Allies) LastApache: lol
(22:44 / Allies) LastApache: no more base
(22:46 / Allies) LastApache: i have nothing
(22:47 / Allies) Sexy-MeatWagon: oh
(22:48 / Allies) Sexy-MeatWagon: oops
(23:08 / All) HoneyBlunt: gg